cohdb
Replays
Latest Replays
All Replays
Popular Replays
Top Player Replays
Match Explorer
How It Works
Community
CoH3 Stats
Reddit
Sign in to upload your games and track your stats! →
Sign in with Steam
Match 43523951
Unlisted
Match 43523951
Overview
Messages
Build Orders
End
Selects Terror Battlegroup
Selects Machine Gun Camouflage
Construct Infanterie Kompanie
MG 42 Machine Gun Team
Grenadier Squad
Grenadier Squad
Construct Luftwaffe Kompanie
Selects Interrogate
Jäger Squad
Pioneer Squad
Support Elements
Medical Bunker
Wirbelwind Flakpanzer
Selects Jericho Trumpet
Jericho Trumpet
Construct Panzer Kompanie
Jäger Squad
Panzer IV Medium Tank
Selects V1 Rocket Strike
Jäger Squad
Pioneer Squad
Panzer IV Medium Tank
4ipolino
KnJaz
Tok3n x Operator
MonoChrome
0
0
Comments
sign in to comment!
No comments posted yet!